 Dungeon Crawl Stone Soup version 0.29.1-1-gd02db6906a (webtiles) character file.

Game seed: 4923195256107144621

341 hawla the Insei (level 7, -1/53 HPs)
             Began as a Meteoran Transmuter on Oct 9, 2022.
             Killed from afar by Natasha (8 damage)
             ... with a magic dart
             ... on level 3 of the Dungeon.
             The game lasted 00:06:27 (1316 turns).

hawla the Insei (Meteoran Transmuter)               Turns: 1316, Time: 00:06:28

Health: -1/53      AC:  2    Str: 11    XL:     7   Next: 12%
Magic:  11/13      EV: 13    Int: 16    God:
Gold:   121        SH:  0    Dex: 16    Spells: 7/13 levels left

rFire   . . .      SeeInvis .     - Unarmed
rCold   . . .      Faith    .   (no shield)
rNeg    . . .      Spirit   .   a - +0 robe
rPois   .          Reflect  .   (helmet currently unavailable)
rElec   .          Harm     .   (no cloak)
rCorr   .          Rampage  .   (no gloves)
Will    .....                   (boots currently unavailable)
Stlth   +.........              (no amulet)
HPRegen 0.17/turn               (no ring)
MPRegen 0.13/turn               (no ring)

@: appendages, wereblooded, glowing
A: horns 2, talons 2, sense surroundings 1, otherworldly, glowing, explore regen
a: End Transformation


You were on level 3 of the Dungeon.
You had temporarily grown beastly horns and talons.
You visited 1 branch of the dungeon, and saw 3 of its levels.

You collected 121 gold pieces.

Inventory:

Armour
 a - a +0 robe (worn)
 g - a +2 helmet (melded)
Jewellery
 d - an amulet of faith
Wands
 e - a wand of flame (3)
Scrolls
 c - 2 scrolls of teleportation
 l - a scroll of enchant weapon {unknown}
Potions
 b - a potion of lignification
 f - a potion of haste
 h - a potion of ambrosia
 i - 6 potions of curing {unknown}
 j - a potion of invisibility {unknown}
 k - a potion of might {unknown}
 m - a potion of heal wounds {unknown}


   Skills:
 - Level 1.8 Fighting
 - Level 4.0 Dodging
 - Level 5.8 Unarmed Combat
 - Level 3.9 Spellcasting
 + Level 4.1 Transmutations
 * Level 2.0 Poison Magic


You had 7 spell levels left.
You knew the following spells:

 Your Spells              Type           Power      Damage    Failure   Level
a - Beastly Appendage     Tmut           32%        N/A       3%          1
b - Wereblood             Tmut           16%        N/A       4%          2
c - Spider Form           Tmut/Pois      12%        N/A       14%         3

Your spell library contained the following spells:

 Spells                   Type           Power      Damage    Failure   Level
 Static Discharge         Conj/Air       3%         3-4/arc   26%         2
 Tukima's Dance           Hex            3%         N/A       45%         3
 Ice Form                 Ice/Tmut       9%         N/A       58%         4
 Dispel Undead            Necr           3%         3d7       86%         4
 Passage of Golubria      Tloc           3%         N/A       86%         4
 Sticky Flame             Conj/Fire      3%         2d3       86%         4
 Yara's Violent Unravell  Hex/Tmut       4%         3d4       90%         5


Dungeon Overview and Level Annotations

Branches:
Dungeon (3/15) Zot: 495

Altars:

Annotations:
D:3 Natasha


Innate Abilities, Weirdness & Mutations

You have temporarily grown beastly horns and talons.
You passively map a small area around you.
You are easily found by Zot.
You glow in the dark.
You regain HP and MP as you explore.


Message History

You closely miss the orc wizard.
You claw the orc wizard, but do no damage.
Your headbutt misses the orc wizard.
The orc wizard is moderately wounded.
You howl as the wereblood boils in your veins!
The orc wizard hits you with a +0 dagger.
Natasha claws you but does no damage.
Casting: Beastly Appendage (safe; 3% risk of failure)
Confirm with . or Enter, or press ? or * to list all spells.
Your blood is freshly infused with primal strength!
The orc wizard gestures at you while chanting.
You are confused.
Natasha closely misses you.
Unknown command.
You bump into the rock wall.
The orc wizard hits you with a +0 dagger.
Natasha casts a spell at you. The magic dart hits you!
You miss Natasha. Your kick misses Natasha.
The orc wizard hits you with a +0 dagger.
Natasha barely misses you.
You're too confused to move!
The orc wizard completely misses you. Natasha misses you.
The orc wizard attacks as you move away!
The orc wizard misses you. Natasha claws you but does no damage.
You hit the orc wizard but do no damage.
Your kick misses the orc wizard. Your headbutt misses the orc wizard.
The orc wizard is moderately wounded.
Natasha claws you but does no damage.
You feel less confused.
You barely miss the orc wizard. You claw the orc wizard.
The orc wizard is moderately wounded.
The orc wizard points at you and mumbles some strange words.
The puff of flame hits you.
* * * LOW HITPOINT WARNING * * *
The orc hits you with a +0 dagger.
* * * LOW HITPOINT WARNING * * *
Natasha casts a spell at you. The magic dart hits you!
You die...

#.#.##.# #.# , ,*
#+#.##.# , ,##.##,
, ..##.#,, +#...#+
, *
..######.....######
, ,
..................
,*
,,.###...........#
, , >
#)##....#....##, ,
, , #?.##.......##,
,#[.$'..o@...+ , ,
, ..##..ho...# *
#...o#....# * , , ,
#..##'##..#, ,
#.##,o[##.# * ,
*#.# ### .# ** ,...
, , . , ~ #### *
*.# * * * ,


You could see an orc wizard, Natasha and 2 orcs.

Vanquished Creatures
  Sigmund (D:2)
  Ijyb (D:3)
  Natasha (twice) (D:3)
  Robin (D:3)
  3 adders
  An orc (D:3)
  4 ball pythons
  2 endoplasms
  2 giant cockroaches
  13 goblins
  14 hobgoblins
  2 jackals (D:1)
  3 quokkas
  6 bats
  A frilled lizard (D:1)
  5 kobolds
  6 rats
67 creatures vanquished.

Vanquished Creatures (others)
  25 plants (D:3)
25 creatures vanquished.

Grand Total: 92 creatures vanquished

Notes
Turn   | Place    | Note
-------+----------+-------------------------------------------
     0 | D:1      | hawla the Meteoran Transmuter began the quest for the Orb.
     0 | D:1      | Reached XP level 1. HP: 16/16 MP: 5/5
     6 | D:1      | Found a faded altar of an unknown god.
    61 | D:1      | Reached XP level 2. HP: 23/23 MP: 6/6
    81 | D:1      | Reached skill level 4 in Unarmed Combat
   114 | D:1      | Reached XP level 3. HP: 27/28 MP: 8/8
   318 | D:1      | Learned a level 2 spell: Wereblood
   505 | D:1      | Glimpsed the power of Zot.
   516 | D:2      | Reached XP level 4. HP: 21/35 MP: 5/9
   559 | D:2      | Noticed Sigmund
   568 | D:2      | Killed Sigmund
   569 | D:2      | Reached skill level 5 in Unarmed Combat
   569 | D:2      | Reached XP level 5. HP: 32/41 MP: 7/11
   569 | D:2      | Reached XP level 6. HP: 37/48 MP: 7/12
   961 | D:3      | Noticed Robin
   978 | D:3      | Killed Robin
  1017 | D:3      | Learned a level 3 spell: Spider Form
  1033 | D:3      | Noticed Ijyb
  1041 | D:3      | Killed Ijyb
  1048 | D:3      | Noticed Natasha
  1063 | D:3      | Killed Natasha
  1064 | D:3      | Reached skill level 1 in Poison Magic
  1121 | D:3      | Noticed Natasha
  1126 | D:3      | Killed Natasha
  1127 | D:3      | Reached XP level 7. HP: 37/53 MP: 13/13
  1304 | D:3      | Noticed Natasha
  1316 | D:3      | Killed from afar by Natasha

Illustrated notes

Levels and vault maps discovered:
D:1:      eino_arrival_water_cross, layout_basic,
          hellmonk_ecumenical_altar_lost_god
D:2:      layout_rooms, st_stairs_12, uniq_sigmund
D:3:      layout_basic, serial_bayou, serial_bayou_crossing,
          serial_bayou_pond_e, serial_bayou_shore_b, serial_bayou_lagoon_a,
          serial_bayou_pond_c, minmay_pentangle, uniq_ijyb, uniq_robin,
          uniq_natasha, uniq_grinder

Skill      XL: |  1  2  3  4  5  6  7 |
---------------+----------------------+-----
Unarmed Combat | 4 5 |  5.8
Spellcasting   | 3 |  3.9
Dodging        | 3 4 |  4.0
Transmutations | 3 4 |  4.1
Poison Magic   | 1 2 |  2.0
Fighting       | |  1.8

Action                   |  1- 3 |  4- 6 |  7- 9 || total
-------------------------+-------+-------+-------++-------
Melee: Unarmed           |    77 |    72 |    26 ||   175
       Kick              |     8 |    18 |     6 ||    32
       Headbutt          |     1 |     6 |     4 ||    11
       Punch             |     1 |       |       ||     1
 Cast: Beastly Appendage |     7 |    10 |     3 ||    20
       Wereblood         |     1 |     2 |     2 ||     5
       Spider Form       |       |     1 |       ||     1
  Use: Scroll            |     2 |     4 |       ||     6
Armor: Robe              |    19 |    13 |    11 ||    43
Dodge: Dodged            |    57 |    36 |     9 ||   102
